 Dungeon Crawl Stone Soup version 0.24-a0-644-g049a785 (webtiles) character file.

Game seed: 17529160156727430542, levelgen mode: deterministic

10 Laraso the Caller (level 2, 7/16 HPs)
             Began as a Kobold Summoner on Sept 25, 2019.
             Quit the game on level 1 of the Dungeon.
             The game lasted 00:00:56 (478 turns).

Laraso the Caller (Kobold Summoner)                  Turns: 478, Time: 00:00:56

Health: 7/16       AC:  2    Str:  5    XL:     2   Next: 30%
Magic:  1/5        EV: 15    Int: 16    God:
Gold:   6          SH:  0    Dex: 15    Spells: 4/5 levels left

rFire    . . .     SeeInvis .   d - +0 dagger
rCold    . . .     Gourm    .   (shield restricted)
rNeg     . . .     Faith    .   a - +0 robe
rPois    .         Spirit   .   (no helmet)
rElec    .         Reflect  .   (no cloak)
rCorr    .         Harm     .   (no gloves)
MR       .....                  (no boots)
Stlth    ++........             (no amulet)
HPRegen  0.05/turn              (no ring)
MPRegen  0.09/turn              (no ring)

@: no status effects
A: small, carnivore
a: no special abilities


You were on level 1 of the Dungeon.
You were not hungry.

You visited 1 branch of the dungeon, and saw 1 of its levels.

You collected 6 gold pieces.

Inventory:

Hand Weapons
 d - a +0 dagger (weapon)
Armour
 a - a +0 robe (worn)
Scrolls
 b - a scroll of identify {unknown}
Comestibles
 c - a ration


   Skills:
 * Level 1.5 Fighting
 - Level 2.4 Dodging
 - Level 2.6 Stealth
 - Level 2.4 Spellcasting
 - Level 4.0 Summonings


You had 4 spell levels left.
You knew the following spells:

 Your Spells              Type           Power        Failure   Level  Hunger
a - Summon Small Mammal   Summ           ##..         3%          1    #......

Your spell library contained the following spells:

 Spells                   Type           Power        Failure   Level  Hunger
 Call Imp                 Summ           ##......     6%          2    ###....
 Call Canine Familiar     Summ           ##......     12%         3    ###....
 Summon Guardian Golem    Hex/Summ       #.......     26%         3    ###....
 Summon Ice Beast         Ice/Summ       #.......     65%         4    #####..
 Summon Lightning Spire   Summ/Air       #.......     65%         4    #####..


Dungeon Overview and Level Annotations

Branches:
Dungeon (1/15)

Altars:


Innate Abilities, Weirdness & Mutations

You are small and have problems with some larger weapons.
You are carnivorous and can eat meat at any time.


Message History

The jackal completely misses your bat.
Your bat completely misses the jackal.
Your rat bites the jackal.
The jackal bites your rat. The jackal bites your bat.
Your bat hits the jackal but does no damage.
Your bat barely misses the jackal.
Your bat hits the jackal.
Your bat barely misses the jackal.
The jackal closely misses your rat.
Your rat closely misses the jackal.
The jackal bites your bat. The jackal bites your rat.
Your rat dies!
Your rat's corpse disappears in a puff of smoke!
Your rat barely misses the jackal.
The jackal barks!
Your bat hits the jackal but does no damage.
The jackal bites your bat.
Your bat dies!
Your bat's corpse disappears in a puff of smoke!
Your rat barely misses the jackal.
You swap places.
Your bat closely misses the jackal.
Your bat hits the jackal. The jackal completely misses your bat.
The jackal bites your rat.
Your rat closely misses the jackal.
Your bat hits the jackal but does no damage.
Your bat barely misses the jackal.
The jackal bites your bat but does no damage.
Your bat barely misses the jackal.
The jackal bites your rat. The jackal misses your bat.
Your bat misses the jackal. Your rat misses the jackal.
The jackal closely misses your rat.
You now have 1/5 mp.
Your bat closely misses the jackal.
Your bat misses the jackal.
Your rat closely misses the jackal.
* * * LOW MAGIC WARNING * * *
Your bat misses the jackal.
Your bat hits the jackal but does no damage. x2
Your rat bites the jackal but does no damage.
You now have 0/5 mp.
What are your orders? t - Shout!
Orders for allies: a - Attack new target. p - Attack previous target. r - Retreat! s - Stop attacking. g - Guard the area. f - Follow me.
Anything else - Cancel.
Gang up on whom?
Aim: a jackal (almost dead) Attack!
Your bat hits the jackal but does no damage. x2
The jackal barely misses your bat. The jackal bites your bat.
Your bat completely misses the jackal.
Your bat hits the jackal but does no damage.
The jackal bites your bat.
Your bat hits the jackal.
Your rat barely misses the jackal.
You catch the helpless jackal completely off-guard!
You puncture the jackal!
You kill the jackal!
Your bat hits the jackal but does no damage. x2
The jackal bites your bat.
Your rat barely misses the jackal.
Your bat closely misses the jackal.
Your bat hits the jackal but does no damage.
The jackal bites your bat.
Your bat hits the jackal.
The jackal bites something.
Your bat hits the jackal. The jackal closely misses your bat.
You see here a jackal corpse.

#...####### #...#
##.## ####.####
#...†...# #
#.#...hr..# #. #
.#.#.##h#b.######
#.##.
......b.b.......#
..#.#
#.##.#..@....##.
#.#.#.#.#.#.##..#.#
#.#.#.##.......#.#
#.#.#.###....## #
#<#.####..#### #
#.#.#....[....#.#
#.#.#.##.........#
#.#.#.#.#.......###
....... .#.......#


You could see 2 jackals and 3 friendly bats.

Vanquished Creatures
  A dart slug (D:1)
  A bat (D:1)
  A goblin (D:1)
  A jackal (D:1)
  A rat (D:1)
5 creatures vanquished.

Vanquished Creatures (collateral kills)
  A dart slug (D:1)
  A jackal (D:1)
  2 bats (D:1)
4 creatures vanquished.

Grand Total: 9 creatures vanquished

Notes
Turn   | Place    | Note
-------+----------+-------------------------------------------
     0 | D:1      | Laraso the Kobold Summoner began the quest for the Orb.
     0 | D:1      | Reached XP level 1. HP: 10/10 MP: 3/3
   152 | D:1      | HP: 4/10 [dart slug/slug dart (6)]
   369 | D:1      | Reached skill level 1 in Fighting
   369 | D:1      | Reached XP level 2. HP: 13/16 MP: 5/5
   458 | D:1      | HP: 6/16 [jackal (3)]
   478 | D:1      | Quit the game

Levels and vault maps discovered:
D:1:      lightli_arrival_chessboard, layout_loops_cross

Skill      XL: |  1 |
---------------+----+-----
Fighting       | 1 |  1.5
Dodging        | |  2.4
Stealth        | |  2.6
Spellcasting   | |  2.4
Summonings     | |  4.0

Action                   || total
-------------------------++-------
Melee: Unarmed           ||    24
       Dagger            ||    19
 Cast: Summon Small Mamm ||     9
 Stab: Distracted        ||     1
  Eat: Chunk             ||     2
Armor: Robe              ||     8
Dodge: Dodged            ||    58

Table legend:
 A = Non-vault XP
 B = Vault XP
 C = Vault XP percentage of total XP
 D = Non-vault monster count
 E = Vault monster count
 F = Vault count percentage of total count
                 A         B        C        D         E       F
            +---------+---------+-------+---------+---------+-------
      Total |      15 |       0 |   0.0 |       9 |       0 |   0.0
            +---------+---------+-------+---------+---------+-------
        D:1 |      15 |       0 |   0.0 |       9 |       0 |   0.0
            +---------+---------+-------+---------+---------+-------

Table legend:
 A = Kills in this place as a percentage of kills in entire the game.
 B = Kills by you in this place as a percentage of kills by you in the entire game.
 C = Kills by friends in this place as a percentage of kills by friends in the entire game.
 D = Other kills in this place as a percentage of other kills in the entire game.
 E = Experience gained in this place as a percentage of experience gained in the entire game.
 F = Experience gained in this place divided by the number of levels of this place that you have seen.
                   A       B       C       D       E      F
               +-------+-------+-------+-------+-------+----------------------
         Total | 100.0 | 100.0 | 100.0 |   N/A | 100.0 |  15.0
       Dungeon | 100.0 | 100.0 | 100.0 |   N/A | 100.0 |  15.0
               +-------+-------+-------+-------+-------+----------------------

Table legend:
 A = Turns spent in this place as a percentage of turns spent in the entire game.
 B = Non-inter-level travel turns spent in this place as a percentage of non-inter-level travel turns spent in the entire game.
 C = Inter-level travel turns spent in this place as a percentage of turns spent in this place.
 D = Turns resting spent in this place as a percentage of non-inter-level travel turns spent in this place.
 E = Turns spent auto-exploring this place as a percentage of non-inter-level travel turns spent in this place.
 F = Non-inter-level travel turns spent in this place divided by the number of levels of this place that you've seen.
                   A       B       C       D       E      F
               +-------+-------+-------+-------+-------+----------------------
         Total | 100.0 | 100.0 |   0.0 |  69.5 |   1.5 | 478.0
       Dungeon | 100.0 | 100.0 |   0.0 |  69.5 |   1.5 | 478.0
               +-------+-------+-------+-------+-------+----------------------

Levels and vault maps discovered:
D:1:      lightli_arrival_chessboard, layout_loops_cross
